AAA WEST
SUGAR LAND SKEETERS @ TACOMA RAINIERS
07/08/2041
 
TOP OF THE 1ST
Sugar Land Skeeters batting - Pitching for Tacoma Rainiers : RHP António Santos
Pitching: RHP António Santos
Batting: RHB Héctor López 0-0: Ball
1-0: Ball
2-0: Foul Ball, location: 2F
2-1: Foul Ball, location: 2F
2-2: Ball
3-2: Base on Balls
Batting: LHB Tony Cardoza 0-0: Called Strike
Héctor López steals 2nd base (no throw)
0-1: Foul Ball, location: 2F
0-2: Strikes out swinging
Batting: LHB Jeremy Edwards 0-0: Called Strike
0-1: Called Strike
0-2: Foul Ball, location: 7LMF
0-2: Ball
1-2: Ball
2-2: Foul Ball, location: 7LDF
2-2: Foul Ball, location: 9LSF
2-2: Ball
3-2: Strikes out swinging
Batting: LHB Jorge Garza 0-0: SINGLE (Line Drive, 56D, EV 108.1 MPH)
Héctor López to third
Batting: RHB Thad Lane 0-0: Foul Ball, location: 9LSFF
0-1: Swinging Strike
0-2: Strikes out swinging
Top of the 1st over - 0 runs, 1 hit, 0 errors, 2 left on base; Sugar Land 0 - Tacoma 0
BOTTOM OF THE 1ST
Tacoma Rainiers batting - Pitching for Sugar Land Skeeters : RHP Juan De Los Santos
Pitching: RHP Juan De Los Santos
Batting: LHB José Barrón 0-0: DOUBLE (Groundball, 3L, EV 102.5 MPH)
Batting: RHB Pat Baldwin 0-0: Called Strike
0-1: Ball
1-1: Called Strike
1-2: Strikes out swinging
Batting: LHB José Ortíz 0-0: Ball
1-0: Ball
2-0: Ball
3-0: Called Strike
3-1: Swinging Strike
3-2: Strikes out swinging
Batting: RHB José Rentería 0-0: Foul Ball, location: 25F
0-1: Called Strike
0-2: Ground out 6-3 (Groundball, P, EV 82.5 MPH)
Bottom of the 1st over - 0 runs, 1 hit, 0 errors, 1 left on base; Sugar Land 0 - Tacoma 0
TOP OF THE 2ND
Sugar Land Skeeters batting - Pitching for Tacoma Rainiers : RHP António Santos
Batting: RHB Américo Tacanho 0-0: Called Strike
0-1: Foul Ball, location: 2F
0-2: Ball
1-2: Foul Ball, location: 2F
1-2: Ball
2-2: Ball
3-2: Ground out 4-3 (Groundball, 4M, EV 88.8 MPH)
Batting: LHB Jeff Poole 0-0: Ball
1-0: Ground out U3 (Groundball, 3L, EV 106.9 MPH)
Batting: SHB Brendan Jeffries 0-0: Foul Ball, location: 3F
0-1: Swinging Strike
0-2: Ball
1-2: Ball
2-2: Ball
3-2: Foul Ball, location: 3SF
3-2: Base on Balls
Batting: RHB Alfredo Araújo 0-0: Ball
1-0: Called Strike
1-1: Ball
2-1: Swinging Strike
2-2: Foul Ball, location: 3FF
2-2: Strikes out swinging
Top of the 2nd over - 0 runs, 0 hits, 0 errors, 1 left on base; Sugar Land 0 - Tacoma 0
BOTTOM OF THE 2ND
Tacoma Rainiers batting - Pitching for Sugar Land Skeeters : RHP Juan De Los Santos
Batting: RHB Bud Schulte 0-0: Ball
1-0: Called Strike
1-1: DOUBLE (Flyball, 8RXD, EV 92.5 MPH)
Batting: RHB Víctor Hernández 0-0: Ground out 4-3 (Groundball, 4, EV 96.3 MPH)
Bud Schulte to third
Batting: RHB Raúl Zamora 0-0: Called Strike
0-1: Ball
1-1: Ground out 5-3 (Groundball, 5, EV 91.3 MPH)
Batting: LHB Ken Greene 0-0: Ball
1-0: Foul Ball, location: 5FF
1-1: Foul Ball, location: 5F
1-2: Ball
2-2: SINGLE (Groundball, 34, EV 91.9 MPH) (infield hit)
Bud Schulte scores
Batting: RHB Albert Rodríguez 0-0: Called Strike
0-1: Ball
1-1: Ball
2-1: Ground out 4-3 (Groundball, 4S, EV 88.1 MPH)
Bottom of the 2nd over - 1 run, 2 hits, 0 errors, 1 left on base; Sugar Land 0 - Tacoma 1
TOP OF THE 3RD
Sugar Land Skeeters batting - Pitching for Tacoma Rainiers : RHP António Santos
Batting: RHB Héctor López 0-0: Called Strike
0-1: Called Strike
0-2: Ball
1-2: Ball
2-2: Ball
3-2: Base on Balls
Batting: LHB Tony Cardoza 0-0: Bunted foul
0-1: Ground out 6-3 (Groundball, 56, EV 103.1 MPH)
Héctor López to second
Batting: LHB Jeremy Edwards 0-0: Called Strike
0-1: Called Strike
Héctor López steals 3rd base
0-2: TRIPLE (Flyball, 78XD, EV 95.6 MPH)
Héctor López scores
Batting: LHB Jorge Garza 0-0: Ball
1-0: Ball
2-0: Ball
3-0: Base on Balls
Batting: RHB Thad Lane 0-0: Foul Ball, location: 2RF
0-1: Called Strike
0-2: Grounds into double play, 5-4-3 (Groundball, 5, EV 91.3 MPH)
Top of the 3rd over - 1 run, 1 hit, 0 errors, 1 left on base; Sugar Land 1 - Tacoma 1
BOTTOM OF THE 3RD
Tacoma Rainiers batting - Pitching for Sugar Land Skeeters : RHP Juan De Los Santos
Batting: LHB José Barrón 0-0: Fly out, F9 (Flyball, 9, EV 92.5 MPH)
Batting: RHB Pat Baldwin 0-0: Bunt for hit to 5S - play at first, batter OUT! 5-3
Batting: LHB José Ortíz 0-0: Called Strike
0-1: Ball
1-1: Fly out, F5 (Popup, 56, EV 74.4 MPH)
Bottom of the 3rd over - 0 runs, 0 hits, 0 errors, 0 left on base; Sugar Land 1 - Tacoma 1
TOP OF THE 4TH
Sugar Land Skeeters batting - Pitching for Tacoma Rainiers : RHP António Santos
Batting: RHB Américo Tacanho 0-0: Fly out, F8 (Flyball, 78D, EV 106.3 MPH)
Batting: LHB Jeff Poole 0-0: Ball
1-0: Foul Ball, location: 3F
1-1: Called Strike
1-2: Ball
2-2: Foul Ball, location: 2F
2-2: Strikes out swinging
Batting: SHB Brendan Jeffries 0-0: Ball
1-0: Ball
2-0: Called Strike
2-1: Called Strike
2-2: Ball
3-2: Strikes out swinging
Top of the 4th over - 0 runs, 0 hits, 0 errors, 0 left on base; Sugar Land 1 - Tacoma 1
BOTTOM OF THE 4TH
Tacoma Rainiers batting - Pitching for Sugar Land Skeeters : RHP Juan De Los Santos
Batting: RHB José Rentería 0-0: Fly out, F7 (Flyball, 78D, EV 103.1 MPH)
Batting: RHB Bud Schulte 0-0: Ball
1-0: Called Strike
1-1: Foul Ball, location: 2F
1-2: Fly out, F4 (Flyball, 4D, EV 86.3 MPH)
Batting: RHB Víctor Hernández 0-0: Ball
1-0: Called Strike
1-1: Ball
2-1: Ground out 6-3 (Groundball, 6S, EV 78.1 MPH)
Bottom of the 4th over - 0 runs, 0 hits, 0 errors, 0 left on base; Sugar Land 1 - Tacoma 1
TOP OF THE 5TH
Sugar Land Skeeters batting - Pitching for Tacoma Rainiers : RHP António Santos
Batting: RHB Alfredo Araújo 0-0: Called Strike
0-1: Ball
1-1: Foul Ball, location: 23FF
1-2: Ball
2-2: Strikes out looking
Batting: RHB Héctor López 0-0: Ball
1-0: Ball
2-0: Called Strike
2-1: Ground out 5-3 (Groundball, 56, EV 87.5 MPH)
Batting: LHB Tony Cardoza 0-0: Foul Ball, location: 3F
0-1: Called Strike
0-2: Ball
1-2: Fly out, F8 (Flyball, 8LD, EV 86.3 MPH)
Top of the 5th over - 0 runs, 0 hits, 0 errors, 0 left on base; Sugar Land 1 - Tacoma 1
BOTTOM OF THE 5TH
Tacoma Rainiers batting - Pitching for Sugar Land Skeeters : RHP Juan De Los Santos
Batting: RHB Raúl Zamora 0-0: Ball
1-0: Swinging Strike
1-1: Ball
2-1: Called Strike
2-2: Ball
3-2: Strikes out swinging
Batting: LHB Ken Greene 0-0: Ball
1-0: Ground out 4-3 (Groundball, 4D, EV 103.1 MPH)
Batting: RHB Albert Rodríguez 0-0: Called Strike
0-1: Foul Ball, location: 2F
0-2: Ball
1-2: Ground out 3-1 (Groundball, 13, EV 90.6 MPH)
Bottom of the 5th over - 0 runs, 0 hits, 0 errors, 0 left on base; Sugar Land 1 - Tacoma 1
TOP OF THE 6TH
Sugar Land Skeeters batting - Pitching for Tacoma Rainiers : RHP António Santos
Batting: LHB Jeremy Edwards 0-0: Foul Ball, location: 3FF
0-1: Ball
1-1: Swinging Strike
1-2: Strikes out looking
Batting: LHB Jorge Garza 0-0: Ball
1-0: Ball
2-0: Ball
3-0: Called Strike
3-1: Foul Ball, location: 3F
3-2: Foul Ball, location: 2F
3-2: DOUBLE (Line Drive, 78M, EV 101.9 MPH)
Batting: RHB Thad Lane 0-0: Ball
1-0: Ground out 5-3 (Groundball, 56, EV 85.6 MPH)
Batting: RHB Américo Tacanho 0-0: Called Strike
0-1: Ball
1-1: Ball
2-1: Called Strike
2-2: Strikes out swinging
Top of the 6th over - 0 runs, 1 hit, 0 errors, 1 left on base; Sugar Land 1 - Tacoma 1
BOTTOM OF THE 6TH
Tacoma Rainiers batting - Pitching for Sugar Land Skeeters : RHP Juan De Los Santos
Batting: LHB José Barrón 0-0: Ball
1-0: Ball
2-0: Ball
3-0: Base on Balls
Batting: RHB Pat Baldwin 0-0: Sac Bunt to 15 - play at first, batter OUT! 1-3
José Barrón to second
Batting: LHB José Ortíz 0-0: Ball
1-0: Called Strike
1-1: Ball
2-1: Ball
3-1: Called Strike
3-2: Foul Ball, location: 2F
3-2: Strikes out looking
Batting: RHB José Rentería 0-0: Fly out, F4 (Flyball, 4MD, EV 93.1 MPH)
Bottom of the 6th over - 0 runs, 0 hits, 0 errors, 1 left on base; Sugar Land 1 - Tacoma 1
TOP OF THE 7TH
Sugar Land Skeeters batting - Pitching for Tacoma Rainiers : RHP António Santos
Pitching: RHP Jeff Jackson
Batting: LHB Jeff Poole 0-0: Foul Ball, location: 7LMF
0-1: Fly out, F8 (Flyball, 8RD, EV 91.9 MPH)
Batting: SHB Brendan Jeffries 0-0: Called Strike
0-1: Swinging Strike
0-2: Ball
1-2: Strikes out looking
Batting: RHB Alfredo Araújo 0-0: Called Strike
0-1: Ball
1-1: Ball
2-1: Ground out 6-3 (Groundball, 6, EV 93.8 MPH)
Top of the 7th over - 0 runs, 0 hits, 0 errors, 0 left on base; Sugar Land 1 - Tacoma 1
BOTTOM OF THE 7TH
Tacoma Rainiers batting - Pitching for Sugar Land Skeeters : RHP Juan De Los Santos
Batting: RHB Bud Schulte 0-0: Called Strike
0-1: Fly out, F7 (Flyball, 78D, EV 94.4 MPH)
Batting: RHB Víctor Hernández 0-0: Foul Ball, location: 9LMF
0-1: Ball
1-1: TRIPLE (Flyball, 78XD, EV 105.0 MPH)
Batting: RHB Raúl Zamora 0-0: SINGLE (Groundball, 56, EV 102.5 MPH)
Víctor Hernández scores
Batting: LHB Ken Greene 0-0: Ball
1-0: Fly out, F1 (Popup, 15, EV 74.4 MPH)
Batting: RHB Albert Rodríguez 0-0: Ball
1-0: Called Strike
1-1: Foul Ball, location: 3FF
1-2: DOUBLE (Groundball, 3L, EV 100.6 MPH)
Raúl Zamora to third
Batting: LHB José Barrón 0-0: Ball
1-0: Ball
2-0: Ball
3-0: Called Strike
3-1: Swinging Strike
3-2: Ground out 1-3 (Groundball, 13S, EV 70.6 MPH)
Bottom of the 7th over - 1 run, 3 hits, 0 errors, 2 left on base; Sugar Land 1 - Tacoma 2
TOP OF THE 8TH
Sugar Land Skeeters batting - Pitching for Tacoma Rainiers : RHP Jeff Jackson
Batting: RHB Héctor López 0-0: Ball
1-0: Ball
2-0: Ground out 6-3 (Groundball, 6M, EV 86.9 MPH)
Batting: LHB Tony Cardoza 0-0: Ball
1-0: SINGLE (Line Drive, 4D, EV 65.0 MPH)
Batting: LHB Jeremy Edwards 0-0: Swinging Strike
0-1: Called Strike
0-2: Strikes out looking
Batting: LHB Jorge Garza 0-0: Ball
1-0: Called Strike
1-1: Called Strike
1-2: Ground out 5-3 (Groundball, 56, EV 80.6 MPH)
Top of the 8th over - 0 runs, 1 hit, 0 errors, 1 left on base; Sugar Land 1 - Tacoma 2
BOTTOM OF THE 8TH
Tacoma Rainiers batting - Pitching for Sugar Land Skeeters : RHP Juan De Los Santos
Batting: RHB Pat Baldwin 0-0: Called Strike
0-1: Ball
1-1: Called Strike
1-2: Strikes out swinging
Batting: LHB José Ortíz 0-0: Ball
1-0: Ball
2-0: Foul Ball, location: 7LSF
2-1: Swinging Strike
2-2: Ball
3-2: Reached on error, E4 (Groundball, 34, EV 91.3 MPH)
Batting: RHB José Rentería 0-0: Ball
1-0: Called Strike
1-1: SINGLE (Groundball, 4D, EV 99.4 MPH)
José Ortíz to second
Runner from 2nd tries for 3rd, SAFE, no throw by RF
Batting: RHB Bud Schulte 0-0: Called Strike
0-1: Ball
Wild Pitch!
José Ortíz scores
José Rentería to second
1-1: Ball
2-1: Ball
3-1: Base on Balls
Batting: RHB Víctor Hernández 0-0: Fly out, F8 (Flyball, 8LM, EV 91.9 MPH)
Pitching: RHP Tsurayuki Uenohara
Pinch Hitting: LHB Dave Day 0-0: Called Strike
0-1: Fly out, F8 (Flyball, 8LD, EV 110.0 MPH)
Bottom of the 8th over - 1 run, 1 hit, 1 error, 2 left on base; Sugar Land 1 - Tacoma 3
TOP OF THE 9TH
Sugar Land Skeeters batting - Pitching for Tacoma Rainiers : RHP Jeff Jackson
Pitching: LHP Rusty Smith
Now in LF: José Rentería
Now in CF: Steve Rodríguez
Now in RF: Elijah Malone
Batting: RHB Thad Lane 0-0: Ball
1-0: Swinging Strike
1-1: Called Strike
1-2: Strikes out looking
Batting: RHB Américo Tacanho 0-0: Foul Ball, location: 5F
0-1: DOUBLE (Line Drive, 7LS, EV 106.9 MPH)
Pinch Hitting: RHB Toichi Otsuka 0-0: SINGLE (Groundball, 4MD, EV 99.4 MPH)
Américo Tacanho to third
Batting: SHB Brendan Jeffries 0-0: Called Strike
0-1: Swinging Strike
0-2: Ball
1-2: Strikes out swinging
Batting: RHB Alfredo Araújo 0-0: Called Strike
0-1: Ball
1-1: Ball
2-1: Swinging Strike
2-2: Ground out 1-3 (Groundball, 34S, EV 66.3 MPH)
Top of the 9th over - 0 runs, 2 hits, 0 errors, 2 left on base; Sugar Land 1 - Tacoma 3
Monday, April 1st , 2024 - OOTP Baseball 24.10 Build 82